 Dungeon Crawl Stone Soup version 0.18.1-6-gd335043 (webtiles) character file.

8711 shmeve the Fighter (level 11, -1/101 HPs)
             Began as a Minotaur Berserker on May 19, 2016.
             Was a High Priest of Trog.
             Slain by a yak (8 damage)
             ... on level 10 of the Dungeon.
             The game lasted 00:24:05 (8884 turns).

shmeve the Fighter (Minotaur Berserker)             Turns: 8884, Time: 00:24:06

Health: -1/101     AC: 18    Str: 24    XL:     11   Next: 13%
Magic:  10/10      EV:  5    Int:  5    God:    Trog [*****.]
Gold:   1033       SH:  7    Dex: 15    Spells: 0 memorised, 10 levels left

rFire  . . .     SeeInvis .     q - +0 war axe (flame)
rCold  . . .     Gourm    .     G - +0 plate armour
rNeg   . . .     Faith    .     k - +0 buckler
rPois  .         Spirit   .     (helmet restricted)
rElec  .         Dismiss  .     f - +0 cloak
rCorr  .         Reflect  .     v - +2 pair of gloves
SustAt .         Harm     .     (no boots)
MR     .....                    (no amulet)
Stlth  ..........               C - +5 ring of dexterity
                                y - +1 ring of slaying

@: lethally poisoned (-1 -> -30), exhausted, slowed, drained, very slow, not
resistant to hostile enchantments, extremely unstealthy
A: retaliatory headbutt, horns 2
a: Berserk, Trog's Hand, Brothers in Arms, Burn Spellbooks, Renounce Religion


You were on level 10 of the Dungeon.
You worshipped Trog.
Trog was extremely pleased with you.
You were near starving.

You visited 1 branch of the dungeon, and saw 10 of its levels.
You also visited: Ossuary.

You collected 1033 gold pieces.

Inventory:

Hand Weapons
 q - a +0 war axe of flaming (weapon)
Armour
 f - a +0 cloak (worn)
 k - a +0 buckler (worn)
 v - a +2 pair of gloves (worn)
 G - a +0 plate armour (worn)
Jewellery
 s - an uncursed ring of protection from cold
 y - a +1 ring of slaying (left hand)
 C - a +5 ring of dexterity (right hand)
 J - an uncursed ring of sustain attributes {unknown}
Scrolls
 d - 4 scrolls of noise {unknown}
 e - 2 scrolls of fear {unknown}
 i - 3 scrolls of recharging {unknown}
 l - 2 scrolls of amnesia {unknown}
 m - 4 scrolls of teleportation {unknown}
 n - 4 scrolls of remove curse {unknown}
 u - 3 scrolls of identify {unknown}
 A - a scroll of fog {unknown}
 B - a scroll of enchant weapon {unknown}
 F - a scroll of enchant armour {unknown}
 N - a scroll of summoning {unknown}
Potions
 a - 2 potions of flight {unknown}
 h - a potion of brilliance {unknown}
 j - 4 potions of heal wounds {unknown}
 o - 2 potions of lignification {unknown}
 p - 4 potions of might {unknown}
 r - a potion of mutation {unknown}
 t - a potion of degeneration {unknown}
 x - a potion of cure mutation {unknown}
 z - 9 potions of curing {unknown}
 M - a potion of cancellation {unknown}
Comestibles
 c - 9 bread rations
 g - 4 meat rations
 w - 2 beef jerkies
 E - 2 royal jellies
 K - 2 slices of pizza


   Skills:
 * Level 10.9(10.6) Fighting
 * Level 10.7(10.5) Axes
 + Level 7.7(7.5) Armour
 + Level 7.1(6.8) Dodging
 * Level 10.5(10.3) Shields


You had 10 spell levels left.
You didn't know any spells.

Dungeon Overview and Level Annotations

Branches:
Dungeon (10/15)            Temple (0/1) D:7
   Lair: D:8-11         Orc: D:9-12

Altars:
Ashenzari
Elyvilon
Fedhas
Gozag
Makhleb
Sif Muna
Xom
Yredelemnul

Annotations:
D:2 exclusion: oklob plant
D:9 exclusion: ice statue
D:10 Psyche


Innate Abilities, Weirdness & Mutations

You reflexively headbutt those who attack you in melee.
You have a pair of horns on your head.


Message History

A yak and an eye of draining come into view.
Your plate armour prevents you from hitting Psyche.
The yak bellows!
The eye of draining turns its gaze towards you.
You headbutt Psyche!
Psyche is almost dead.
You slash the yak! You burn the yak.
The yak is heavily wounded.
* * * LOW HITPOINT WARNING * * *
You feel sick. Psyche hits you but does no damage. The gnoll misses you.
You block Psyche's attack. The gnoll hits you but does no damage.
You are no longer berserk.
You are exhausted.
You feel as though you will be slow longer.
You are near starving!
* * * LOW HITPOINT WARNING * * *
You feel very sick.
Psyche casts a cantrip, but nothing happens.
The yak gores you!
You die...

#####[ #.G ...#.Y
.. .##.... #.#
.....Y##..
.##..YY..g##
......g.#..
......#Y@#######.
......Y@§........
......[.§†.......
......g..()......
.................
.................
.................
........>........
...........).....
####..?.......##


You could see Psyche, 6 yaks, an eye of draining, a gnoll sergeant and 2 gnolls.

Vanquished Creatures
  Erica (D:8)
  A centaur warrior (D:8)
  Sonja (D:10)
  Nergalle (D:10)
  Pikel (D:6)
  A spriggan (D:7)
  2 hungry ghosts
  2 hippogriffs
  Edmund (D:4)
  2 water moccasins
  An ice beast (D:6)
  4 sky beasts
  5 orc warriors
  2 slaves (D:6)
  A black bear (D:6)
  A phantom (D:10)
  4 ogres
  4 centaurs
  2 big kobolds
  An elf zombie (D:6)
  6 giant frogs
  An elf skeleton (D:6)
  A wyvern skeleton (D:9)
  6 scorpions
  7 wights
  3 killer bees (D:7)
  4 howler monkeys
  5 crimson imps
  A giant frog zombie (D:8)
  A wasp zombie (D:4)
  A centaur zombie (D:9)
  3 hounds
  A jelly (D:7)
  2 human zombies (D:6)
  5 orc priests
  Crazy Yiuf (D:3)
  9 orc wizards
  A centaur skeleton (D:5)
  A giant frog skeleton (D:9)
  Jessica (D:3)
  3 iguanas
  3 worker ants
  A big kobold zombie (Ossuary)
  2 mummies (Ossuary)
  A gnoll (D:10)
  10 adders
  2 howler monkey skeletons
  A shadow imp (D:6)
  An ooze (D:6)
  An adder skeleton (D:4)
  4 worms
  2 dart slugs
  8 giant geckos
  59 orcs
  A ball python (D:7)
  7 giant cockroaches
  8 goblins
  12 hobgoblins
  7 jackals
  19 kobolds
  7 quokkas
  8 bats
  5 giant newts
  7 gnoll zombies (Ossuary)
  3 hobgoblin zombies (Ossuary)
  An orc skeleton (D:6)
  4 orc zombies
  A quokka zombie (D:5)
  5 rats
  A spectral orc (D:5)
292 creatures vanquished.

Vanquished Creatures (others)
  A slave (D:6)
  A hound (D:6)
  An orc wizard (D:8)
3 creatures vanquished.

Grand Total: 295 creatures vanquished

Notes
Turn   | Place    | Note
--------------------------------------------------------------
     0 | D:1      | shmeve the Minotaur Berserker began the quest for the Orb.
     0 | D:1      | Reached XP level 1. HP: 19/19 MP: 0/0
   318 | D:1      | Reached XP level 2. HP: 25/27 MP: 1/1
   551 | D:1      | Reached ** piety under Trog
   841 | D:1      | Reached XP level 3. HP: 29/33 MP: 2/2
  1545 | D:2      | Reached XP level 4. HP: 39/41 MP: 3/3
  1582 | D:2      | Found a blossoming altar of Fedhas.
  1601 | D:2      | Noticed an oklob plant
  1764 | D:2      | Found a shimmering altar of Xom.
  1951 | D:2      | Reached *** piety under Trog
  1951 | D:2      | Reached skill level 1 in Shields
  2625 | D:3      | Found a white marble altar of Elyvilon.
  2879 | D:3      | Reached XP level 5. HP: 43/47 MP: 4/4
  2901 | D:3      | Noticed Jessica
  2912 | D:3      | Killed Jessica
  3219 | D:3      | Noticed Crazy Yiuf
  3224 | D:3      | Killed Crazy Yiuf
  3282 | D:4      | Reached **** piety under Trog
  3292 | D:4      | Reached skill level 5 in Axes
  3292 | D:4      | Reached XP level 6. HP: 20/53 MP: 5/5
  3733 | D:4      | Reached skill level 5 in Fighting
  3746 | D:4      | Reached skill level 5 in Shields
  4008 | D:4      | Noticed Edmund
  4033 | D:4      | Killed Edmund
  4033 | D:4      | Reached XP level 7. HP: 21/61 MP: 6/6
  4592 | D:5      | Entered Level 5 of the Dungeon
  4808 | D:5      | Reached XP level 8. HP: 70/70 MP: 7/7
  4890 | D:5      | Found a deep blue altar of Sif Muna.
  5219 | D:5      | Found a burning altar of Makhleb.
  5245 | D:5      | Found a basalt altar of Yredelemnul.
  5509 | D:6      | Found a sand-covered staircase.
  5521 | Ossuary  | Entered an ossuary
  5777 | D:6      | Reached skill level 5 in Armour
  5844 | D:6      | Reached skill level 5 in Dodging
  5895 | D:6      | Reached XP level 9. HP: 80/81 MP: 8/8
  5927 | D:6      | Noticed Pikel
  5937 | D:6      | Killed Pikel
  5937 | D:6      | Reached ***** piety under Trog
  6380 | D:7      | Found a staircase to the Ecumenical Temple.
  6447 | D:7      | Received a gift from Trog
  6731 | D:7      | Found an opulent altar of Gozag.
  6946 | D:7      | Reached XP level 10. HP: 85/91 MP: 9/9
  7436 | D:8      | Noticed a centaur warrior
  7448 | D:8      | Killed a centaur warrior
  7700 | D:8      | Reached skill level 10 in Fighting
  8112 | D:8      | Noticed Erica
  8121 | D:8      | Killed Erica
  8121 | D:8      | Reached skill level 10 in Axes
  8251 | D:9      | Noticed an ice statue
  8411 | D:9      | Found a shattered altar of Ashenzari.
  8448 | D:9      | Reached skill level 10 in Shields
  8535 | D:9      | Received a gift from Trog
  8859 | D:10     | Entered Level 10 of the Dungeon
  8863 | D:10     | Noticed Sonja
  8870 | D:10     | Noticed Nergalle
  8875 | D:10     | Noticed Psyche
  8876 | D:10     | Killed Sonja
  8876 | D:10     | Reached XP level 11. HP: 91/101 MP: 10/10
  8882 | D:10     | Killed Nergalle
  8884 | D:10     | Slain by a yak

Skill      XL: |  1  2  3  4  5  6  7  8  9 10 |
---------------+-------------------------------+-----
Fighting       | 4 5 6 7 9 10 | 10.9
Axes           | 4 5 6 7 9 10 | 10.7
Armour         | 3 4 5 6 7 |  7.7
Shields        | 2 4 5 7 9 10 | 10.5
Dodging        | 3 4 5 7 |  7.1

Action                   |  1- 3 |  4- 6 |  7- 9 | 10-12 || total
-------------------------+-------+-------+-------+-------++-------
Melee: Hand axe          |    70 |    68 |       |       ||   138
       Headbutt          |    10 |    26 |    71 |    52 ||   159
       War axe           |       |    78 |   312 |   185 ||   575
Invok: Berserk           |       |     1 |     1 |     1 ||     3
       Burn Spellbooks   |       |       |       |     1 ||     1
Evoke: Wand              |       |       |     9 |       ||     9
 Stab: Sleeping          |     1 |     1 |       |       ||     2
  Eat: Chunk             |     2 |     6 |    10 |     7 ||    25
       Meat ration       |       |     1 |       |       ||     1
Armor: Animal skin       |    20 |    34 |       |       ||    54
       Ring mail         |       |       |    36 |       ||    36
       Chain mail        |       |       |    86 |       ||    86
       Plate armour      |       |       |    27 |    96 ||   123
Dodge: Dodged            |    51 |    92 |   135 |    89 ||   367
Block: Buckler           |       |    22 |    77 |    69 ||   168
